 Dungeon Crawl Stone Soup version 0.27.1-4-g1640c2035a (webtiles) character file.

Game seed: 16480146902893768315

182 adizb the Ruffian (level 5, -1/46 HPs)
             Began as a Ghoul Gladiator on Nov 14, 2021.
             Slain by a kobold (13 damage)
             ... in a sewer.
             The game lasted 00:10:59 (1690 turns).

adizb the Ruffian (Ghoul Gladiator)                 Turns: 1690, Time: 00:11:04

Health: -1/46      AC:  6    Str: 18    XL:     5   Next: 61%
Magic:  4/4        EV: 11    Int:  3    God:
Gold:   61         SH:  0    Dex: 11    Spells: 4/4 levels left

rFire    . . .     SeeInvis .     - Unarmed
rCold    + + .     Faith    .   (no shield)
rNeg     + + +     Spirit   .   d - +0 ring mail
rPois    ∞         Reflect  .   b - +0 helmet
rElec    .         Harm     .   (no cloak)
rCorr    .         Rampage  .   (no gloves)
Will     .....                  (no boots)
Stlth    +.........             (no amulet)
HPRegen  0.00/turn              m - ring of protection from cold
MPRegen  0.09/turn              (no ring)

@: inhibited regen
A: claws 1, cold resistance 1, negative energy resistance 3, inhibited
regeneration, torment resistance 2
a: no special abilities


You were in a sewer.
You visited 1 branch of the dungeon, and saw 3 of its levels.
You also visited: Sewer.

You collected 61 gold pieces.

Inventory:

Missiles
 f - 6 boomerangs (quivered)
Armour
 a - a +0 leather armour
 b - a +0 helmet (worn)
 d - a +0 ring mail (worn)
 e - a +0 pair of gloves
 g - a +0 buckler
Jewellery
 m - a ring of protection from cold (left claw)
Scrolls
 i - a scroll of amnesia {unknown}
 j - 3 scrolls of identify {unknown}
 k - 2 scrolls of teleportation {unknown}
 l - a scroll of brand weapon {unknown}
Potions
 h - a potion of curing {unknown}
 n - a potion of lignification {unknown}


   Skills:
 * Level 3.6 Fighting
 + Level 2.3 Throwing
 + Level 1.5 Armour
 + Level 3.4 Dodging
 * Level 4.5 Unarmed Combat


You had 4 spell levels left.
You didn't know any spells.
Your spell library was empty.

Dungeon Overview and Level Annotations

Branches:
Dungeon (3/15)              Sewer (1/1)

Altars:


Innate Abilities, Weirdness & Mutations

You thrive by killing the living.
You are immune to poison.
You have sharp fingernails.
Your flesh is cold resistant. (rC+)
You are immune to negative energy. (rN+++)
You do not regenerate when monsters are visible.
You are immune to unholy pain and torment.


Message History

The kobold shouts!
A jackal comes into view.
The kobold moves out of view.
A jackal and a kobold come into view.
The kobold shouts!
The jackal barks! x2
A kobold comes into view. It is wielding a +0 short sword.
The kobold shouts!
The kobold barely misses you.
You scratch the jackal.
The jackal is almost dead.
The jackal bites you.
The kobold hits you with a +2 short sword of electrocution.
You are electrocuted!
* * * LOW HITPOINT WARNING * * *
You closely miss the jackal.
The jackal is almost dead.
The jackal closely misses you. The jackal closely misses you.
You miss the jackal. The jackal completely misses you.
The jackal closely misses you.
You scratch the jackal.
You kill the jackal!
The jackal barely misses you.
You barely miss the kobold.
The jackal splashes around in the water. x2
You claw the kobold!
You kill the kobold!
The kobold closely misses you.
The jackal bites you but does no damage.
You scratch the kobold.
You kill the kobold!
You feel better. The kobold barely misses you.
The jackal bites you but does no damage.
You scratch the kobold.
The kobold is severely wounded.
The jackal closely misses you.
The kobold hits you with a +2 short sword of electrocution.
* * * LOW HITPOINT WARNING * * *
You are electrocuted!
You die...

#≈ .# #≈ .#
#≈ #.##
##≈##...#
#.≈.#...#
#.≈.....#
≈.###≈≈.....#
....≈.h)#####
..###.K@....#
#.≈...∩.#
#.≈.#.∩.#
##≈##...# #≈
##### #≈ ##


You could see a jackal and a kobold.

Vanquished Creatures
  A necrophage (D:3)
  2 adders (D:2)
  A river rat (D:3)
  A dart slug (D:1)
  5 worms
  4 endoplasms
  2 giant cockroaches
  3 hobgoblins
  4 jackals
  8 kobolds
  5 quokkas
  2 ball pythons (D:2)
  4 bats
  3 frilled lizards
  2 goblins
  6 rats
53 creatures vanquished.

Notes
Turn   | Place    | Note
-------+----------+-------------------------------------------
     0 | D:1      | adizb the Ghoul Gladiator began the quest for the Orb.
     0 | D:1      | Reached XP level 1. HP: 17/17 MP: 0/0
   130 | D:1      | Reached XP level 2. HP: 23/25 MP: 1/1
   744 | D:2      | Reached XP level 3. HP: 27/30 MP: 2/2
  1069 | D:2      | Reached skill level 1 in Armour
  1271 | D:2      | Reached XP level 4. HP: 37/37 MP: 3/3
  1356 | D:2      | Reached skill level 4 in Unarmed Combat
  1527 | D:3      | Noticed a necrophage
  1545 | D:3      | Killed a necrophage
  1546 | D:3      | Reached XP level 5. HP: 36/45 MP: 4/4
  1652 | D:3      | Found a glowing drain.
  1676 | Sewer    | Entered a sewer
  1690 | Sewer    | Slain by a kobold

Illustrated notes

Levels and vault maps discovered:
D:1:      lightli_arrival_isolated_outpost, layout_basic, minmay_unequal
D:2:      layout_loops_ring, chequers_ecumenical_altar_twisty
D:3:      layout_loops_corners, mainiacjoe_overflow_alcove_3, bloody_makhleb,
          gup_sewer_entry_bubbles
Sewer:    sewer_the_moccasin

Skill      XL: |  1  2  3  4 |
---------------+-------------+-----
Dodging        | 3 |  3.4
Throwing       | 2 |  2.3
Armour         | 1 |  1.5
Fighting       | 3 |  3.6
Unarmed Combat | 4 |  4.5

Action                   |  1- 3 |  4- 6 || total
-------------------------+-------+-------++-------
Melee: Unarmed           |   123 |    82 ||   205
       Punch             |     1 |     1 ||     2
Throw: Throwing net      |     4 |     1 ||     5
       Boomerang         |     6 |       ||     6
  Use: Potion            |     4 |       ||     4
 Stab: Held in net/web   |     1 |       ||     1
Armor: Leather armour    |    15 |       ||    15
       Ring mail         |    33 |    10 ||    43
Dodge: Dodged            |    86 |    55 ||   141
